 Dungeon Crawl Stone Soup version 0.27-a0-1188-g73eefd5def (webtiles) character file.

Game seed: 8004102344415534093

309 Glokmah the Bolt Thrower (level 6, -2/37 HPs)
             Began as a Kobold Arcane Marksman on May 21, 2021.
             Killed by nerve-wracking pain
             ... invoked by an orc priest
              (10 damage)
             ... on level 3 of the Dungeon.
             The game lasted 00:12:44 (5498 turns).

Glokmah the Bolt Thrower (Kobold Arcane Marksman)   Turns: 5498, Time: 00:12:47

Health: -2/37      AC: 10    Str:  7    XL:     6   Next: 69%
Magic:  7/7        EV: 14    Int: 15    God:
Gold:   97         SH:  0    Dex: 17    Spells: 3/7 levels left

rFire    . . .     SeeInvis .   b - +2 dagger (venom)
rCold    . . .     Faith    .   (shield restricted)
rNeg     . . .     Spirit   .   k - +0 leather armour
rPois    .         Reflect  .   i - +0 helmet
rElec    .         Harm     .   (no cloak)
rCorr    .         Rampage  .   g - +2 pair of gloves
Will     .....                  f - +2 pair of boots
Stlth    +.........             (no amulet)
HPRegen  0.12/turn              (no ring)
MPRegen  0.10/turn              (no ring)

@: very slow
A: small, no large weapons, nightstalker 3, mutation resistance 1
a: no special abilities


You were on level 3 of the Dungeon.
You visited 1 branch of the dungeon, and saw 3 of its levels.

You collected 97 gold pieces.

Inventory:

Hand Weapons
 a - a +0 hand crossbow
 b - a +2 dagger of venom (weapon)
Missiles
 d - 32 bolts
 j - 3 boomerangs (quivered)
Armour
 f - a +2 pair of boots (worn)
 g - a +2 pair of gloves (worn)
 i - a +0 helmet (worn)
 k - a +0 leather armour (worn)
Wands
 l - a wand of flame (17)
Scrolls
 c - a scroll of vulnerability
Potions
 h - a potion of curing


   Skills:
 + Level 3.1 Fighting
 * Level 4.5 Short Blades
 * Level 5.6 Crossbows
 - Level 2.4 Dodging
 - Level 1.1 Spellcasting
 - Level 3.0 Hexes


You had 3 spell levels left.
You knew the following spells:

 Your Spells              Type           Power      Damage    Failure   Level
a - Corona                Hex            10%        N/A       11%         1
b - Inner Flame           Hex/Fire       5%         N/A       52%         3

Your spell library contained the following spells:

 Spells                   Type           Power      Damage    Failure   Level
 Slow                     Hex            9%         N/A       16%         2
 Portal Projectile        Hex/Tloc       10%        N/A       52%         3
 Cause Fear               Hex            4%         N/A       71%         4
 Leda's Liquefaction      Hex/Erth       2%         N/A       89%         4


Dungeon Overview and Level Annotations

Branches:
Dungeon (3/15)

Altars:
Ashenzari
Trog
Yredelemnul

Annotations:
D:3 1 transporter


Innate Abilities, Weirdness & Mutations

You are small and have problems with some larger weapons.
You are completely attuned to the shadows.
You are somewhat resistant to further mutation.


Message History

You hear a shout!
The shadow imp shouts, "Take thy face hence, thou fobbing moldwarp zombie-fodder!"
You hear a shout!
The shadow imp shouts, "Begone, thou infectious motley-minded dingleberry!"
There is a transporter here.
You enter the transporter and appear at another place.
The orc priest shouts!
The shadow imp shouts, "Give up, thou tottering fly-bitten wagtail!"
l - a wand of flame (17)
You open the door.
Found 12 gold pieces.
There is an open door here.
You see here 12 gold pieces.
The shadow imp grins evilly.
You see here 14 gold pieces.
You see here 12 gold pieces.
You now have 83 gold pieces (gained 12).
The orc priest mumbles some strange prayers to Beogh against you.
Beogh smites you!
You see here 14 gold pieces.
You now have 97 gold pieces (gained 14).
The orc priest calls down the wrath of Beogh upon you.
Beogh smites you!
* * * LOW HITPOINT WARNING * * *
As you read the scroll labelled UKHOUG DAOHOZ, it crumbles to dust.
You hear a loud clanging noise!
It was a scroll of noise.
It was a potion of curing.
You feel better. The shadow imp gestures at you.
You barely resist. The shadow imp gestures at you.
You barely resist.
You enter the shallow water.
Moving in this stuff is going to be slow.
The orc priest invokes the aid of Beogh against you.
Beogh smites you!
* * * LOW HITPOINT WARNING * * *
The orc priest calls down the wrath of Beogh upon you.
Pain shoots through your body!
You die...

...............# #.#
###.##)#######.######.#####
###.##....................#
##..))....###############.#
###.##.)#.#8P#oo5....#≈8#.# #
####..#.#P.#≈≈≈≈≈≈≈#.P#.## ##
#....#..#..≈≈P..#.$#..##
.#####...©#©.'..≈⌠≈..+$©#©..#
..........#..#..@≈≈..#.$#...###
.####..)#.#P.#≈≈≈≈≈≈≈#.P#.....###
## #.#.#.#8P#5.5....#≈8#.......[
#.#.#.###############.###.###
#.#...................# #.#
#.#..###...##.###.##.## #.#
#.#..# #......# #.##.# #.###
#####.##.###...######.##.# #...#
......##...........)(....# ###.#


You could see 2 orc priests and 3 shadow imps.

Vanquished Creatures
  An orc priest (D:3)
  A human skeleton (D:3)
  Natasha (thrice) (D:2)
  Terence (D:3)
  An orc wizard (D:3)
  Robin (D:2)
  2 adders (D:2)
  An ufetubus (D:3)
  2 worms (D:3)
  6 orcs (D:3)
  2 endoplasms
  2 giant cockroaches (D:1)
  16 goblins
  2 hobgoblins
  4 jackals (D:2)
  7 kobolds
  6 quokkas
  6 ball pythons
  10 bats
  6 frilled lizards
  A jackal zombie (D:3)
  A kobold skeleton (D:3)
  A kobold zombie (D:3)
  A rat (D:1)
84 creatures vanquished.

Vanquished Creatures (others)
  An orc priest (D:3)
  Jessica (D:3)
  2 orc wizards (D:3)
  4 gnolls (D:3)
  An adder (D:3)
  2 orcs (D:3)
  2 endoplasms (D:3)
  A goblin (D:3)
14 creatures vanquished.

Grand Total: 98 creatures vanquished

Notes
Turn   | Place    | Note
-------+----------+-------------------------------------------
     0 | D:1      | Glokmah the Kobold Arcane Marksman began the quest for the
                  | Orb.
     0 | D:1      | Reached XP level 1. HP: 12/12 MP: 2/2
     2 | D:1      | Noticed a tengu
     2 | D:1      | Noticed a dwarf
     4 | D:1      | Noticed a vine stalker
     4 | D:1      | Noticed a ghoul
     6 | D:1      | Noticed an octopode
     8 | D:1      | Noticed a vampire
    10 | D:1      | Noticed a merfolk
    10 | D:1      | Noticed a centaur
    12 | D:1      | Noticed a felid
    12 | D:1      | Noticed a human
    14 | D:1      | Noticed an ogre
    14 | D:1      | Noticed a minotaur
    16 | D:1      | Noticed an elf
    16 | D:1      | Noticed a gargoyle
    18 | D:1      | Noticed a palentonga
    18 | D:1      | Noticed a demonspawn
    20 | D:1      | Noticed a troll
    20 | D:1      | Noticed a draconian
    22 | D:1      | Noticed a naga
    22 | D:1      | Noticed a demigod
    24 | D:1      | Noticed a barachi
    26 | D:1      | Noticed a formicid
    26 | D:1      | Noticed a spriggan
   229 | D:1      | Reached skill level 3 in Crossbows
   229 | D:1      | Reached XP level 2. HP: 15/16 MP: 1/3
   670 | D:1      | Reached XP level 3. HP: 21/21 MP: 2/4
  1174 | D:2      | Found a faded altar of an unknown god.
  1447 | D:2      | Noticed Robin
  1492 | D:1      | Reached skill level 1 in Short Blades
  1694 | D:2      | HP: 1/21 [poisoned by an adder]
  2059 | D:2      | Reached XP level 4. HP: 22/26 MP: 5/5
  2060 | D:2      | Reached skill level 4 in Crossbows
  2315 | D:2      | Learned a level 3 spell: Inner Flame
  2538 | D:2      | Killed Robin
  2812 | D:2      | Noticed Natasha
  2823 | D:2      | Killed Natasha
  2824 | D:2      | Reached XP level 5. HP: 20/31 MP: 6/6
  2862 | D:2      | Noticed Natasha
  2869 | D:2      | Killed Natasha
  3139 | D:2      | Noticed Natasha
  3150 | D:2      | Killed Natasha
  3457 | D:3      | Found a runed translucent door.
  3457 | D:3      | Noticed a human
  3462 | D:3      | Found a basalt altar of Yredelemnul.
  3493 | D:3      | Reached skill level 5 in Crossbows
  3511 | D:3      | Gained mutation: You are somewhat resistant to further
                  | mutation. [potion of mutation]
  3512 | D:3      | Reached XP level 6. HP: 3/36 MP: 7/7
  3969 | D:3      | Noticed Terence
  3981 | D:3      | Killed Terence
  4200 | D:3      | Killed Jessica
  4313 | D:3      | Found a bloodstained altar of Trog.
  4414 | D:3      | Found a transporter.
  4453 | D:3      | Found a transporter.
  4674 | D:3      | Found a broken altar of Ashenzari.
  5498 | D:3      | Killed from afar by an orc priest

Illustrated notes

Levels and vault maps discovered:
D:1:      kb_arrival_jail, layout_loops_ring
D:2:      layout_loops_corners, hellmonk_ecumenical_altar_zigzags, uniq_robin,
          uniq_natasha
D:3:      gammafunk_wand_slinger, layout_loops_ring, marbit_many_paths,
          lemuel_tele_altar, dk_yredelemnul_ordeal, uniq_jessica, uniq_terence

Skill      XL: |  1  2  3  4  5  6 |
---------------+-------------------+-----
Crossbows      | 3 4 5 |  5.6
Short Blades   | 1 2 3 4 |  4.5
Fighting       | 2 3 |  3.1
Dodging        | |  2.4
Spellcasting   | |  1.1
Hexes          | |  3.0

Action                   |  1- 3 |  4- 6 || total
-------------------------+-------+-------++-------
Melee: Dagger            |    50 |   191 ||   241
 Fire: Hand crossbow     |    44 |     5 ||    49
 Cast: Corona            |     9 |     2 ||    11
  Use: Scroll            |     4 |     5 ||     9
       Potion            |       |     3 ||     3
 Stab: Sleeping          |     7 |     9 ||    16
Armor: Robe              |    18 |    21 ||    39
       Leather armour    |       |    39 ||    39
Dodge: Dodged            |    78 |   105 ||   183

Table legend: (Time is in decaauts)
 A = Elapsed time spent in this place.
 B = Non-inter-level travel time spent in this place.
 C = Inter-level travel time spent in this place.
 D = Time resting spent in this place.
 E = Time spent auto-exploring this place.
 F = Levels seen in this place.
 G = Mean time per level.
                   A        B        C        D        E       F      G
               +--------+--------+--------+--------+--------+-----+--------+
         Total |   5488 |   4962 |    526 |   1485 |   1780 |   3 | 1829.3 |
       Dungeon |   5488 |   4962 |    526 |   1485 |   1780 |   3 | 1829.3 |
               +--------+--------+--------+--------+--------+-----+--------+

Top non-repeatable levels by time:
     D:2: 2660 daAuts
     D:3: 1687 daAuts
     D:1: 1140 daAuts
